AoeStats
← MarXthedruid

Scandinavia

510364414Analyzed
1v1 RM · 16h ago on Sep 30, 2026· 41m 59s· 2 players
Game mode
Random Map
Map size
Tiny (2 player)
Population
200
Speed
Normal
Resources
Standard
Victory
Conquest
Starting age
Dark Age
Ending age
Imperial Age
RankedLock teamsTeams togetherTeam positionsShared explorationLock speedFull tech treeHidden civsTurbo modeCheats
Victory
Defeat
🇹🇷 Varangians · Türkiye
1171
+16
🇬🇧 Japanese · United Kingdom
1173
-16
JoyStick
3:30 Loom
11:02 Feudal Age
17:04 Double-Bit Axe
20:30 Castle Age
19:36 Bloodlines
19:42 Fishing Lines
23:56 Husbandry
24:05 Gold Mining
26:16 Scale Barding Armor
26:22 Forging
29:42 Chain Barding Armor
32:35 Stone Mining
35:02 Iron Casting
35:25 Squires
35:10 Arson
36:05 Wheelbarrow
35:15 Town Watch
36:26 Fletching
37:41 Bodkin Arrow
41:42 Imperial Age
39:20 Horse Collar
40:15 Husbandry
41:58 Elite Jarl
MarXthedruid
6:55 Loom
9:39 Feudal Age
9:42 Man-at-Arms
11:54 Double-Bit Axe
12:10 Arson
16:23 Horse Collar
20:40 Fletching
22:58 Castle Age
23:53 Bodkin Arrow
23:55 Crossbowman
24:58 Pikeman
Connection lost

Rejoining the realm…

Still unreachable

The connection could not be restored.

Session expired

The server has moved on; the page needs a fresh start.